 Dungeon Crawl Stone Soup version 0.21.0-3-g78d12a8 (webtiles) character file.

150769 theanonym the Black Belt (level 16, -9/170 HPs)
             Began as a Troll Transmuter on Jan 14, 2018.
             Was the Champion of Jiyva.
             Shot with a bolt by a naga sharpshooter (23 damage)
             ... on level 3 of the Snake Pit.
             The game lasted 01:52:58 (29526 turns).

theanonym the Black Belt (Troll Transmuter)        Turns: 29526, Time: 01:52:59

Health: -9/170     AC: 13    Str: 11    XL:     16   Next: 69%
Magic:  13/16      EV: 14    Int: 13    God:    Jiyva [******]
Gold:   85         SH: 17    Dex: 23    Spells: 2/17 levels left

rFire    + . .     SeeInvis +     - Unarmed
rCold    + . .     Gourm    +   A - +3 shield
rNeg     . . .     Faith    .   s - +1 robe "Ryxtofat" {rCorr Str+3 Dex-2 Slay+2, 0}
rPois    +         Spirit   .   (helmet unavailable)
rElec    +         Reflect  +   N - +0 cloak
rCorr    +         Harm     .   (gloves unavailable)
MR       +....                  (boots unavailable)
Stlth    ++........             a - +2 amulet of reflection
HPRegen  1.78/turn              l - ring of poison resistance {rPoisrPois}
MPRegen  0.15/turn              x - +4 ring of evasion

@: icy armour, regenerating (expiring), slow
A: large, unfitting armour, antennae 3, claws 3, cold resistance 1, fire
resistance 1, fast metabolism 3, gourmand, mutation resistance 1, regeneration
1, shaggy fur 1, electricity resistance, tough skin 2
}: 1/15 runes: slimy
a: Request Jelly, Slimify, Cure Bad Mutation, Renounce Religion


Innate Abilities, Weirdness & Mutations

You are too large for most types of armour.
You have claws for hands.
Your metabolism is lightning-fast.
You like to eat raw meat.
Your natural rate of healing is unusually fast.
You are covered in fur. (AC +1)
You have very tough skin. (AC +2)
You have a pair of large antennae on your head. (SInv)
Your flesh is cold resistant. (rC+)
Your flesh is heat resistant. (rF+)
You are somewhat resistant to further mutation.
You are resistant to electric shocks. (rElec)


   Skills:
 * Level 13.3 Fighting
 - Level 1.5 Dodging
 - Level 11.7 Shields
 - Level 18.9 Unarmed Combat
 - Level 1.2 Spellcasting
 - Level 5.0 Charms
 - Level 2.1 Necromancy
   Level 1.3 Transmutations
 - Level 5.0 Ice Magic


You had 2 spell levels left.
You knew the following spells:

 Your Spells              Type           Power        Failure   Level  Hunger
a - Animate Dead          Necr           N/A          75%         4    #####..
b - Borgnjor's Vile Clut  Necr/Erth      #.........   99%         5    ######.
g - Ozocubu's Armour      Chrm/Ice       ##......     11%         3    ####...
r - Regeneration          Chrm/Necr      ##........   19%         3    ####...

Skill      XL: |  1  2  3  4  5  6  7  8  9 10 11 12 13 14 15 16 |
---------------+-------------------------------------------------+-----
Fighting       | 1 2 3 4 5 6 7 8 9 10 11 13 | 13.3
Unarmed Combat | 4 5 6 8 10 11 12 14 15 17 18 | 18.9
Shields        | 1 3 5 6 8 9 10 11 | 11.7
Charms         | 1 3 4 5 |  5.0
Ice Magic      | 1 3 5 |  5.0
Necromancy     | 1 2 |  2.1
Dodging        | |  1.5
Spellcasting   | |  1.2
Transmutations | |  1.3

Action                   |  1- 3 |  4- 6 |  7- 9 | 10-12 | 13-15 | 16-18 || total
-------------------------+-------+-------+-------+-------+-------+-------++-------
Melee: Unarmed           |    86 |   122 |   202 |   666 |  1516 |   395 ||  2987
       Punch             |     1 |       |     2 |       |       |       ||     3
       Scimitar          |       |       |       |       |    27 |       ||    27
       Pseudopods        |       |       |       |       |    12 |       ||    12
       Kick              |       |       |       |       |   254 |    86 ||   340
       Bite              |       |       |       |       |    87 |    34 ||   121
Throw: Throwing net      |       |       |       |     1 |       |       ||     1
 Cast: Ozocubu's Armour  |       |       |       |       |    35 |    20 ||    55
       Regeneration      |       |       |       |       |    25 |    13 ||    38
Invok: Divine Shield     |       |       |       |    10 |       |       ||    10
       Request Jelly     |       |       |       |       |     3 |     2 ||     5
       Cure Bad Mutation |       |       |       |       |     2 |       ||     2
       Slimify           |       |       |       |       |       |     1 ||     1
Evoke: Wand              |       |       |       |     2 |    21 |     6 ||    29
  Use: Scroll            |       |     1 |    15 |    12 |    13 |     2 ||    43
       Potion            |       |       |     4 |     8 |     6 |     7 ||    25
 Stab: Paralysed         |       |       |       |       |     5 |       ||     5
       Distracted        |       |       |       |       |     6 |     1 ||     7
       Confused          |       |       |       |       |    13 |     3 ||    16
       Sleeping          |       |       |       |       |     6 |       ||     6
       Invisible         |       |       |       |       |       |     6 ||     6
  Eat: Chunk             |    17 |    16 |    25 |    57 |    92 |    11 ||   218
       Ration            |       |       |       |       |     3 |     1 ||     4
Armor: Robe              |    27 |    46 |    37 |   107 |   259 |    55 ||   531
       Skin              |       |       |    13 |       |    11 |       ||    24
Dodge: Dodged            |    45 |    57 |    54 |   166 |   420 |   113 ||   855
Block: Shield            |       |       |    41 |   463 |   913 |   272 ||  1689
       Reflection        |       |       |       |       |    10 |    26 ||    36
       Rpst.: Scimitar   |       |       |       |       |     4 |       ||     4

Inventory:

Hand Weapons
 b - a +4 scimitar of flaming
   (You took it off Erica on level 2 of the Lair of Beasts)
Armour
 s - the +1 robe "Ryxtofat" (worn) {rCorr Str+3 Dex-2 Slay+2, 0}
   (You bought it in a shop on level 3 of the Snake Pit)

   It affects your strength (+3).
   It affects your dexterity (-2).
   It affects your accuracy and damage with ranged weapons and melee attacks
   (+2).
   It protects you from acid and corrosion.
 A - a +3 shield (worn)
   (You found it on level 7 of the Dungeon)
 B - a +1 robe of magic resistance {0}
   (You took it off Josephine on level 13 of the Dungeon)
 H - a +1 robe of the Archmagi {0}
   (You took it off an orc wizard on level 11 of the Dungeon)
 J - a +0 robe of positive energy {0}
   (You took it off Erica on level 2 of the Lair of Beasts)
 N - a +0 cloak (worn)
   (You took it off Crazy Yiuf on level 7 of the Dungeon)
 R - a +2 hat of intelligence
   (You took it off Gastronok on level 3 of the Lair of Beasts)
 Y - a +0 large shield
   (You bought it in a shop on level 1 of the Orcish Mines)
Jewellery
 a - a +2 amulet of reflection (around neck)
   (You bought it in a shop on level 2 of the Orcish Mines)
 h - an uncursed ring of protection from fire {rF+}
   (You bought it in a shop on level 2 of the Orcish Mines)
 i - an uncursed ring of positive energy {rN+rN+}
   (You found it on level 8 of the Dungeon)
 l - a ring of poison resistance (left claw) {rPoisrPois}
   (You bought it in a shop on level 1 of the Shoals)
 x - a +4 ring of evasion (right claw)
   (You bought it in a shop on level 2 of the Orcish Mines)
 F - an uncursed ring of protection from cold {rC+}
   (You found it on level 2 of the Lair of Beasts)
 G - the ring of Intercession {MR+ Dex+4}
   (You found it on level 5 of the Pits of Slime)

   [ring of protection from magic]

   It affects your dexterity (+4).
   It affects your resistance to hostile enchantments.
 U - an uncursed ring of see invisible {SInv}
   (You found it on level 4 of the Lair of Beasts)
Wands
 d - a wand of digging (4)
   (You took it off Maurice on level 9 of the Dungeon)
 v - a wand of acid (19)
   (You found it on level 4 of the Dungeon)
 M - a wand of polymorph (13)
   (You found it on level 9 of the Dungeon)
 T - a wand of disintegration (5)
   (You found it on level 4 of the Lair of Beasts)
 V - a wand of iceblast (21)
   (You took it off an orc warrior on level 11 of the Dungeon)
Scrolls
 f - 2 scrolls of fog
 g - a scroll of summoning
 k - 9 scrolls of remove curse
 m - a scroll of holy word
 p - a scroll of fear
 r - 2 scrolls of identify
 t - 7 scrolls of teleportation {!r}
 y - a scroll of magic mapping
 D - 2 scrolls of enchant weapon
 E - 3 scrolls of enchant armour
 Q - 5 scrolls of amnesia
 W - 3 scrolls of blinking
 X - 3 scrolls of immolation
Potions
 j - 3 potions of invisibility
 o - 4 potions of flight
 q - a potion of heal wounds
 u - 3 potions of mutation
 w - 22 potions of curing
 z - 3 potions of lignification
 C - 5 potions of brilliance
 K - a potion of resistance {rF+ rC+}
 P - 3 potions of ambrosia
 S - 3 potions of haste
 Z - a potion of might
Books
 c - a book of Enchantments
   (You found it on level 1 of the Shoals)
 n - the Volume of Torrid Necromancy
   (You found it on level 2 of the Snake Pit)

   Spells                             Type                      Level
   a - Animate Skeleton               Necromancy                   1
   b - Pain                           Necromancy                   1
   c - Regeneration                   Charms/Necromancy            3
   d - Inner Flame                    Hexes/Fire                   3
   e - Bolt of Fire                   Conjuration/Fire             6
   f - Death Channel                  Necromancy                   6
 I - the Handbook of Flamy Confrontation
   (You found it on level 10 of the Dungeon)

   Spells                             Type                      Level
   a - Magic Dart                     Conjuration                  1
   b - Throw Frost                    Conjuration/Ice              2
   c - Ignite Poison                  Fire/Transmutation/Poison    3
   d - Inner Flame                    Hexes/Fire                   3
   e - Iskenderun's Mystic Blast      Conjuration                  4
   f - Ring of Flames                 Charms/Fire                  7
Miscellaneous
 L - a fan of gales
   (You found it on level 3 of the Snake Pit)
Comestibles
 e - 34 rations


You were on level 3 of the Snake Pit.
You worshipped Jiyva.
Jiyva was exalted by your worship.
You were very full.

You visited 7 branches of the dungeon, and saw 33 of its levels.
You also visited: Ossuary and Volcano.

You collected 1810 gold pieces.
You spent 1725 gold pieces at shops.

Dungeon Overview and Level Annotations

Branches:
Dungeon (15/15) Temple (1/1) D:4 Lair (6/6) D:8 Shoals (1/4) Lair:3 Snake (3/4) Lair:4 Slime (5/5) Lair:5 Orc (2/2) D:10 Elf (0/3) Orc:2 Vaults (0/5) D:12 D:13 Depths (0/5) D:15

Altars:
Ashenzari
Cheibriados
Dithmenos
Elyvilon
Fedhas
Gozag
Hepliaklqana
Kikubaaqudgha
Makhleb
Nemelex Xobeh
Okawaru
Qazlal
Ru
Sif Muna
Trog
Uskayaw
Vehumet
Wu Jian
Xom
Yredelemnul
Zin
The Shining One
Jiyva

Shops:
D:9 }   Orc:1 [   Orc:2 %?[=!*   Shoals:1 (*=   Snake:2 ?*(}   Snake:3 [*

Annotations:
Snake:3 exclusion: Roxanne, Roxanne
Slime:5 Royal Jelly

# ##...........
.. ...
##........(..8
...
##.......#(..
##{.
##...........
..
##.<...(......
##.....(.......
#....()........
#....()N.......
##....@).......
##....(.......
##...........
##..........
###########


You could see a naga sharpshooter.

Notes
Turn   | Place    | Note
-------+----------+-------------------------------------------
     0 | D:1      | theanonym the Troll Transmuter began the quest for the Orb.
     0 | D:1      | Reached XP level 1. HP: 18/18 MP: 1/1
     0 | D:1      | theanonym: !stats trtm
     0 | D:1      | theanonym: !stats trmo
    45 | D:1      | beem: Starting stats for TrTm: Str 17 Int 9 Dex 10. Stat gain: s/3
   298 | D:1      | Reached skill level 1 in Fighting
   378 | D:1      | Reached XP level 2. HP: 25/27 MP: 2/2
   682 | D:2      | Reached XP level 3. HP: 30/33 MP: 3/3
   814 | D:2      | HP: 15/33 [worm (8)]
   819 | D:2      | Reached skill level 4 in Unarmed Combat
   820 | D:2      | HP: 14/33 [poisoned by an adder]
   827 | D:2      | HP: 16/33 [poisoned by an adder]
  1293 | D:2      | Reached XP level 4. HP: 41/42 MP: 4/4
  1653 | D:3      | Found a stormy altar of Qazlal.
  1692 | D:3      | Reached skill level 2 in Fighting
  1784 | D:3      | Noticed wojtek's ghost (amateur KoNe)
  2008 | D:3      | Reached skill level 5 in Unarmed Combat
  2036 | D:3      | Found a sparkling altar of Nemelex Xobeh.
  2056 | D:3      | Reached XP level 5. HP: 49/49 MP: 5/5
  2338 | D:3      | Killed wojtek's ghost
  2377 | D:3      | Found a glowing silver altar of Zin.
  2475 | D:4      | Learned a level 3 spell: Regeneration
  2480 | D:4      | Found a burning altar of Makhleb.
  2504 | D:4      | Noticed Robin
  2504 | D:4      | Noticed Duvessa
  2504 | D:4      | Noticed Dowan
  2507 | D:4      | Noticed Natasha
  2508 | D:5      | Entered Level 5 of the Dungeon
  2528 | D:5      | Reached XP level 6. HP: 52/59 MP: 6/6
  2641 | D:4      | Found a glowing golden altar of the Shining One.
  2653 | D:4      | Reached skill level 6 in Unarmed Combat
  2661 | D:4      | Became a worshipper of the Shining One
  2670 | D:4      | Reached skill level 3 in Fighting
  2679 | D:4      | Noticed Ijyb
  3026 | D:5      | Reached XP level 7. HP: 45/67 MP: 7/7
  3339 | D:6      | Found a hide-covered altar of Uskayaw.
  3339 | D:6      | Noticed Grinder
  3438 | D:6      | Reached skill level 7 in Unarmed Combat
  3463 | D:6      | Noticed Pikel
  3512 | D:6      | Killed Pikel
  3512 | D:6      | Reached skill level 4 in Fighting
  3512 | D:6      | Reached skill level 8 in Unarmed Combat
  3512 | D:6      | Reached XP level 8. HP: 42/79 MP: 8/8
  3679 | D:6      | Reached * piety under the Shining One
  3697 | D:6      | Found a bloodstained altar of Trog.
  3766 | D:6      | Paralysed by Grinder for 3 turns
  3771 | D:6      | Killed Grinder
  3771 | D:6      | Reached skill level 9 in Unarmed Combat
  3774 | D:6      | Reached skill level 5 in Fighting
  3811 | D:6      | Found an ornate altar of the Wu Jian Council.
  4216 | D:7      | Identified a scroll of acquirement
  4234 | D:6      | HP: 39/80 [iguana (6)]
  4356 | D:7      | Reached skill level 10 in Unarmed Combat
  4384 | D:7      | Noticed a hippogriff
  4388 | D:7      | Killed a hippogriff
  4388 | D:7      | Reached skill level 1 in Shields
  4388 | D:7      | Reached XP level 9. HP: 88/88 MP: 9/9
  4691 | D:7      | Reached skill level 2 in Shields
  4806 | D:7      | Found an ancient bone altar of Kikubaaqudgha.
  4892 | D:7      | Found a runed door.
  5027 | D:7      | Noticed Crazy Yiuf
  5030 | D:7      | Killed Crazy Yiuf
  5076 | D:8      | Noticed Joseph
  5199 | D:8      | Reached skill level 6 in Fighting
  5220 | D:8      | Found a sand-covered staircase.
  5231 | Ossuary  | Entered an ossuary
  5306 | Ossuary  | Reached ** piety under the Shining One
  5545 | D:8      | Found a blossoming altar of Fedhas.
  5595 | D:8      | Found a staircase to the Lair.
  5661 | D:8      | Killed Joseph
  5661 | D:8      | Reached skill level 3 in Shields
  5661 | D:8      | Reached skill level 11 in Unarmed Combat
  5757 | D:8      | Noticed crawlian's ghost (novice DEFE)
  5765 | D:8      | Killed crawlian's ghost
  5833 | D:8      | Reached XP level 10. HP: 100/100 MP: 10/10
  6073 | D:9      | Noticed a two-headed ogre
  6084 | D:9      | Killed a two-headed ogre
  6093 | D:9      | HP: 50/100 [hippogriff (5)]
  6098 | D:9      | Reached skill level 4 in Shields
  6098 | D:9      | Reached skill level 12 in Unarmed Combat
  6099 | D:9      | HP: 40/100 [yak (11)]
  6105 | D:9      | Reached skill level 7 in Fighting
  6115 | D:9      | HP: 44/102 [yak (5)]
  6120 | D:9      | HP: 32/102 [yak (14)]
  6323 | D:9      | Found Efris's Gadget Boutique.
  6378 | D:9      | Reached *** piety under the Shining One
  6424 | D:9      | Found a sacrificial altar of Ru.
  6430 | D:9      | Noticed a two-headed ogre
  6601 | D:9      | Found a hazy altar of Hepliaklqana.
  6666 | D:8      | HP: 50/102 [two-headed ogre/giant club (31)]
  6668 | D:8      | Killed a two-headed ogre
  6760 | D:8      | Reached skill level 5 in Shields
  6962 | D:9      | Reached XP level 11. HP: 107/109 MP: 7/11
  6967 | D:9      | Noticed Maurice
  7025 | D:9      | Killed Maurice
  7025 | D:9      | Reached skill level 13 in Unarmed Combat
  7249 | D:10     | Entered Level 10 of the Dungeon
  7277 | D:10     | Noticed Erolcha
  7282 | D:10     | Paralysed by Erolcha for 2 turns
  7290 | D:10     | Killed Erolcha
  7535 | D:10     | Reached skill level 8 in Fighting
  7732 | D:10     | HP: 54/111 [centaur/club (7)]
  7950 | D:10     | Found a staircase to the Orcish Mines.
  8036 | D:10     | Identified the Handbook of Flamy Confrontation
  8282 | D:4      | Killed Natasha
  8286 | D:4      | Noticed Natasha
  8287 | D:4      | Killed Robin
  8295 | D:4      | Killed Natasha
  8300 | D:4      | Killed Duvessa
  8316 | D:4      | Killed Dowan
  8320 | D:4      | Killed Ijyb
  8337 | D:4      | Noticed Natasha
  8343 | D:4      | Killed Natasha
  8404 | D:4      | Found a shattered altar of Ashenzari.
  8466 | D:4      | Found a radiant altar of Vehumet.
  8562 | D:4      | Found a staircase to the Ecumenical Temple.
  8576 | Temple   | Entered the Ecumenical Temple
  8979 | Lair:1   | Entered Level 1 of the Lair of Beasts
  8986 | Lair:1   | Reached skill level 6 in Shields
  9005 | Lair:1   | Reached **** piety under the Shining One
  9027 | Lair:1   | Found a white marble altar of Elyvilon.
  9027 | Lair:1   | Noticed an oklob plant
  9150 | Lair:1   | Noticed a four-headed hydra
  9158 | Lair:1   | HP: 45/113 [nine-headed hydra (12)]
  9159 | Lair:1   | HP: 22/113 [ten-headed hydra (3)]
  9161 | Lair:1   | Killed a ten-headed hydra
  9161 | Lair:1   | Reached skill level 14 in Unarmed Combat
  9622 | Lair:3   | Noticed Rupert
  9678 | Lair:2   | Noticed Erica
  9693 | Lair:2   | HP: 44/113 [Erica/orb of energy (25)]
  9697 | Lair:2   | Killed Erica
  9910 | Lair:2   | Reached XP level 12. HP: 64/122 MP: 12/12
  9911 | Lair:2   | HP: 60/122 [yak (6)]
  9917 | Lair:2   | HP: 49/122 [poisoned by a spiny frog]
  9922 | Lair:2   | HP: 51/122 [poisoned by a spiny frog]
 10250 | Lair:3   | Noticed Prince Ribbit
 10251 | Lair:3   | Found a dark tunnel.
 10255 | Volcano  | Entered a volcano
 10395 | Volcano  | Reached skill level 9 in Fighting
 10458 | Volcano  | Noticed a centaur warrior
 10461 | Volcano  | Found a radiant altar of Vehumet.
 10461 | Volcano  | Noticed a red draconian
 10464 | Volcano  | HP: 59/123 [centaur warrior (9)]
 10466 | Volcano  | HP: 29/123 [red draconian] (9)]
 10474 | Volcano  | HP: 31/123 [fire bat (4)]
 10480 | Volcano  | Reached skill level 7 in Shields
 10481 | Volcano  | HP: 23/123 [fire bat (2)]
 10644 | Volcano  | Killed a centaur warrior
 10708 | Volcano  | Gained mutation: You passively map a small area around you. [potion of mutation]
 10708 | Volcano  | Gained mutation: You have very sharp teeth. [potion of mutation]
 10709 | Volcano  | Lost mutation: You passively map a small area around you. [potion of mutation]
 10709 | Volcano  | Lost mutation: You have very sharp teeth. [potion of mutation]
 10709 | Volcano  | Gained mutation: You occasionally shout uncontrollably at your foes. [potion of mutation]
 10709 | Volcano  | Gained mutation: You are partially covered in yellow scales. (AC +2) [potion of mutation]
 10709 | Volcano  | Gained mutation: You have a beak for a mouth. [potion of mutation]
 10710 | Volcano  | Lost mutation: You have a beak for a mouth. [potion of mutation]
 10710 | Volcano  | Gained mutation: You evolve. [potion of mutation]
 10710 | Volcano  | Gained mutation: You passively map a small area around you. [potion of mutation]
 10711 | Volcano  | Lost mutation: You passively map a small area around you. [potion of mutation]
 10711 | Volcano  | Lost mutation: You occasionally shout uncontrollably at your foes. [potion of mutation]
 10711 | Volcano  | Gained mutation: You are partially covered in rugged brown scales. (AC +1, +3% HP) [potion of mutation]
 10711 | Volcano  | Gained mutation: You possess an exceptional clarity of mind. [potion of mutation]
 10740 | Volcano  | Killed a red draconian
 10829 | Lair:3   | Killed Prince Ribbit
 10956 | Lair:4   | Reached skill level 15 in Unarmed Combat
 11072 | Lair:4   | Found a staircase to the Snake Pit.
 11324 | Lair:4   | Noticed Urug
 11341 | Lair:4   | Killed Urug
 11430 | Lair:5   | Gained mutation: Your spells are a little easier to cast, but a little less powerful. [evolution]
 11688 | Lair:5   | Reached skill level 8 in Shields
 11995 | Lair:5   | Found a viscous altar of Jiyva.
 11996 | Lair:5   | Found a staircase to the Slime Pits.
 11999 | Lair:5   | Fell from the grace of the Shining One
 11999 | Lair:5   | Became a worshipper of Jiyva Jeidghiu the Shapeless
 12062 | Lair:4   | Reached XP level 13. HP: 113/136 MP: 13/13
 12357 | Lair:1   | HP: 63/136 [black mamba (17)]
 12362 | Lair:1   | HP: 52/136 [poisoned by a black mamba]
 12367 | Lair:1   | HP: 24/136 [poisoned by a black mamba]
 12372 | Lair:1   | HP: 23/136 [poisoned by a black mamba]
 12377 | Lair:1   | HP: 22/136 [poisoned by a black mamba]
 12383 | Lair:1   | HP: 23/136 [poisoned by a black mamba]
 12391 | Lair:1   | HP: 26/136 [poisoned by a black mamba]
 12399 | Lair:1   | HP: 30/136 [poisoned by a black mamba]
 12621 | Lair:2   | Reached * piety under Jiyva
 13442 | Lair:2   | Reached ** piety under Jiyva
 13580 | Lair:2   | Reached skill level 10 in Fighting
 13580 | Lair:2   | Reached skill level 16 in Unarmed Combat
 14016 | Lair:3   | Noticed Gastronok
 14043 | Lair:3   | Killed Gastronok
 14560 | Lair:3   | Killed Rupert
 14638 | Lair:3   | Found a staircase to the Shoals.
 15280 | Lair:4   | Learned a level 3 spell: Ozocubu's Armour
 15895 | Lair:6   | Entered Level 6 of the Lair of Beasts
 15974 | Lair:6   | Reached skill level 9 in Shields
 16111 | Lair:6   | Reached skill level 1 in Charms
 16111 | Lair:6   | Reached skill level 1 in Ice Magic
 16115 | Lair:6   | Reached *** piety under Jiyva
 16257 | Lair:5   | HP: 58/139 [spiny frog (18)]
 16412 | Lair:5   | Lost mutation: You evolve. [Jiyva's grace]
 16433 | Lair:5   | HP: 63/139 [wolf (9)]
 16439 | Lair:5   | HP: 45/139 [wolf (4)]
 16619 | Lair:5   | HP: 67/139 [death yak[a torpor snail] (23)]
 16624 | Lair:5   | HP: 66/139 [wolf (3)]
 16741 | Lair:5   | HP: 65/139 [komodo dragon (9)]
 16744 | Lair:5   | Reached skill level 17 in Unarmed Combat
 16862 | Lair:6   | Reached XP level 14. HP: 129/148 MP: 12/14
 16876 | Lair:6   | Reached **** piety under Jiyva
 16879 | Lair:6   | Lost mutation: You are partially covered in rugged brown scales. (AC +1, +3% HP) [Jiyva's grace]
 16898 | Lair:6   | Reached skill level 2 in Ice Magic
 17103 | Lair:6   | HP: 61/144 [komodo dragon (34)]
 17121 | Lair:6   | Reached ***** piety under Jiyva
 17184 | Lair:6   | Reached skill level 2 in Charms
 17592 | Lair:6   | HP: 62/144 [manticore/volley of spikes (15)]
 17599 | Lair:6   | HP: 57/144 [poisoned by a water moccasin]
 17604 | Lair:6   | HP: 49/144 [poisoned by a water moccasin]
 17687 | Lair:6   | Gained mutation: You are somewhat resistant to further mutation. [Jiyva's grace]
 17880 | Lair:5   | Learned a level 4 spell: Animate Dead
 18013 | Lair:6   | Reached skill level 3 in Ice Magic
 18356 | Lair:6   | Reached skill level 11 in Fighting
 18509 | Orc:1    | Entered Level 1 of the Orcish Mines
 18553 | Orc:1    | Found Bugh's Armour Emporium.
 18600 | Orc:1    | Bought a +0 large shield for 63 gold pieces
 18865 | Orc:1    | Noticed an orc warlord
 18913 | Orc:1    | HP: 71/146 [orc warlord/broad axe of freezing (13)]
 18917 | Orc:1    | Killed an orc warlord
 18917 | Orc:1    | Reached skill level 3 in Charms
 18972 | Orc:1    | Gained mutation: You are agile. (Dex +2) [Jiyva's grace]
 19046 | Orc:1    | Gained mutation: Your translucent skin slightly reduces your foes' accuracy. (Stealth) [Jiyva's grace]
 19047 | Orc:1    | Reached ****** piety under Jiyva
 19180 | Orc:2    | Entered Level 2 of the Orcish Mines
 19201 | Orc:1    | Noticed an orc warlord
 19595 | Orc:2    | Killed an orc warlord
 19595 | Orc:2    | Reached skill level 1 in Necromancy
 19772 | Orc:2    | Lost mutation: Your spells are a little easier to cast, but a little less powerful. [Jiyva's grace]
 19779 | Orc:2    | Lost mutation: You possess an exceptional clarity of mind. [Jiyva's grace]
 19802 | Orc:2    | Gained mutation: Your body sometimes deteriorates upon taking damage. [Jiyva's grace]
 19805 | Orc:2    | Gained mutation: Your magical capacity is low. (-10% MP) [Jiyva's grace]
 19818 | Orc:2    | Lost mutation: Your magical capacity is low. (-10% MP) [Jiyva's grace]
 19874 | Orc:2    | Found Foesulet's Assorted Antiques.
 19902 | Orc:2    | Lost mutation: Your body sometimes deteriorates upon taking damage. [Jiyva's grace]
 19994 | Orc:2    | Gained mutation: Armour fits poorly on your pseudopods. [Jiyva's grace]
 20053 | Orc:2    | Gained mutation: Your body has grown golden eyes which may confuse attackers. (Acc +3) [Jiyva's grace]
 20060 | Orc:2    | Found Kyimyaru's Armour Boutique.
 20060 | Orc:2    | Found Rachiof's Jewellery Emporium.
 20062 | Orc:2    | Found Roghag's Distillery.
 20064 | Orc:2    | Found Oquan's Magic Scroll Shop.
 20161 | Orc:2    | Found Licaink's Food Emporium.
 20165 | Orc:2    | Found a staircase to the Elven Halls.
 20251 | Orc:2    | Bought a scroll labeled XUTOVV ODDIAC for 31 gold pieces
 20358 | Orc:2    | Bought a +2 amulet of reflection for 97 gold pieces
 20359 | Orc:2    | Bought an uncursed ring of protection from fire for 325 gold pieces
 20359 | Orc:2    | Bought a +4 ring of evasion for 468 gold pieces
 20389 | Orc:2    | Bought a scroll of fear for 108 gold pieces
 20416 | Orc:2    | Bought a potion of curing for 45 gold pieces
 20416 | Orc:2    | Bought a potion of heal wounds for 75 gold pieces
 20416 | Orc:2    | Bought a potion of curing for 45 gold pieces
 20628 | D:11     | Gained mutation: You have acidic saliva. [Jiyva's grace]
 20815 | Slime:1  | Entered Level 1 of the Pits of Slime
 20822 | Slime:2  | Noticed an acid blob
 20823 | Slime:2  | Noticed an acid blob
 20856 | Slime:5  | Entered Level 5 of the Pits of Slime
 20867 | Slime:5  | Noticed an acid blob
 20868 | Slime:5  | Killed an acid blob
 20871 | Slime:5  | Noticed an acid blob
 20874 | Slime:5  | Noticed the Royal Jelly
 20874 | Slime:5  | Noticed an acid blob
 20875 | Slime:5  | Noticed an acid blob
 20875 | Slime:5  | Found a viscous altar of Jiyva.
 20876 | Slime:5  | Noticed an acid blob
 20876 | Slime:5  | Noticed an acid blob
 20877 | Slime:5  | Noticed an acid blob
 20878 | Slime:5  | Lost mutation: You are agile. (Dex +2) [Jiyva's grace]
 20884 | Slime:5  | Gained mutation: You have sharp toenails. [Jiyva's grace]
 20891 | Slime:5  | Got a slimy rune of Zot
 20892 | Slime:5  | Lost mutation: Armour fits poorly on your pseudopods. [Jiyva's grace]
 20898 | Slime:5  | Gained mutation: Your flesh is heat resistant. (rF+) [Jiyva's grace]
 20901 | Slime:5  | Got a flickering golden ring
 20912 | Slime:5  | Got a flickering graven amulet
 20913 | Slime:5  | Identified the amulet of the Special Dreams {Inacc *Slow +Inv rElec Str-4} (You found it on level 5 of the Pits of Slime)
 20918 | Slime:5  | Identified the ring of Intercession {MR+ Dex+4} (You found it on level 5 of the Pits of Slime)
 20935 | Slime:5  | Noticed an acid blob
 20938 | Slime:5  | Killed an acid blob
 20950 | Slime:5  | Killed an acid blob
 21122 | D:9      | Lost mutation: You are somewhat resistant to further mutation. [Jiyva's grace]
 21322 | D:11     | Reached skill level 10 in Shields
 21324 | D:11     | Reached XP level 15. HP: 141/154 MP: 15/15
 21589 | D:12     | Reached skill level 4 in Ice Magic
 21594 | D:12     | Gained mutation: You have a pair of small antennae on your head. [Jiyva's grace]
 21611 | D:12     | Reached skill level 2 in Necromancy
 21677 | D:12     | Noticed Gruud's ghost (journeyman DsNe)
 21689 | D:12     | Killed Gruud's ghost
 21724 | D:12     | Gained mutation: Your flesh is cold resistant. (rC+) [Jiyva's grace]
 22054 | D:13     | Found a gate to the Vaults.
 22068 | D:12     | Reached skill level 18 in Unarmed Combat
 22127 | D:13     | Gained mutation: You are covered in slimy tendrils that may disarm your opponents. [Jiyva's grace]
 22179 | D:12     | Gained mutation: You have a pair of antennae on your head. [Jiyva's grace]
 22337 | D:13     | Lost mutation: Your translucent skin slightly reduces your foes' accuracy. (Stealth) [Jiyva's grace]
 22499 | D:13     | Noticed Kirke
 22514 | D:13     | Killed Kirke
 22514 | D:13     | Reached skill level 4 in Charms
 22637 | D:13     | Noticed Frances
 22662 | D:13     | Noticed Azrael
 22662 | D:13     | Killed Frances
 22688 | D:13     | Noticed Josephine
 22694 | D:13     | Killed Azrael
 22696 | D:13     | Killed Josephine
 23109 | D:13     | HP: 77/154 [three-headed hydra (10)]
 23479 | D:14     | Learned a level 5 spell: Borgnjor's Vile Clutch
 23598 | D:14     | Found a shadowy altar of Dithmenos.
 23614 | D:14     | Gained mutation: You are robust. (+10% HP) [Jiyva's grace]
 23850 | D:14     | Reached skill level 5 in Ice Magic
 24320 | D:15     | Entered Level 15 of the Dungeon
 24448 | D:15     | Gained mutation: You are somewhat resistant to further mutation. [Jiyva's grace]
 24460 | D:15     | Found a glowing golden altar of the Shining One.
 24482 | D:15     | Paralysed by a hornet for 3 turns
 24490 | D:15     | HP: 85/171 [poisoned by a hornet]
 24495 | D:15     | HP: 85/171 [vampire mosquito (1)]
 24619 | D:15     | Noticed a fire giant
 24975 | D:15     | Found a bloodstained altar of Trog.
 24991 | D:15     | Found a staircase to the Depths.
 24994 | D:15     | Killed a fire giant
 25173 | D:15     | Lost mutation: You are covered in slimy tendrils that may disarm your opponents. [Jiyva's grace]
 25481 | Snake:1  | Entered Level 1 of the Snake Pit
 25482 | Snake:1  | theanonym: !lg allofthem place=zig27 -log
 25482 | Snake:1  | beem: No games for allofthem (place=zig27).
 25482 | Snake:1  | theanonym: !lg allofthem place=zig:27 -log
 25482 | Snake:1  | beem: 8. Miyamura, XL27 DsWn, T:107281: http://crawl.xtahua.com/crawl/morgue/Miyamura/morgue-Miyamura-20180113-202307.txt
 25976 | Lair:3   | Lost mutation: You are robust. (+10% HP) [Jiyva's grace]
 26205 | Snake:2  | HP: 78/156 [poisoned by a naga mage (splash of poison)]
 26208 | Snake:1  | HP: 34/156 [poisoned by a naga mage (bolt of poison)]
 26761 | Shoals:1 | Entered Level 1 of the Shoals
 26764 | Shoals:1 | Reached XP level 16. HP: 165/165 MP: 16/16
 26842 | Shoals:1 | HP: 80/165 [drowned by a water elemental (4)]
 26855 | Shoals:1 | HP: 74/165 [manticore/volley of spikes (6)]
 26856 | Shoals:1 | Reached skill level 5 in Charms
 26858 | Shoals:1 | Noticed Nikola
 26861 | Shoals:1 | HP: 67/165 [barbs]
 26867 | Shoals:1 | HP: 66/165 [barbs]
 26873 | Shoals:1 | HP: 33/165 [Nikola/rapier of electrocution (12)]
 26878 | Shoals:1 | HP: 17/165 [Nikola/rapier of electrocution (19)]
 26880 | Shoals:1 | HP: 4/165 [Nikola/rapier of electrocution (14)]
 26883 | Shoals:1 | Killed Nikola
 26883 | Shoals:1 | Reached skill level 12 in Fighting
 26883 | Shoals:1 | Reached skill level 11 in Shields
 27067 | Shoals:1 | Found Ifauw's Weapon Emporium.
 27101 | Shoals:1 | Found Venusost's Assorted Antiques.
 27116 | Shoals:1 | Found Heig's Jewellery Shop.
 27124 | Shoals:1 | Bought an uncursed ring of poison resistance for 320 gold pieces
 27516 | Snake:2  | Found a sparkling altar of Nemelex Xobeh.
 27581 | Snake:2  | Gained mutation: You are resistant to electric shocks. (rElec) [Jiyva's grace]
 27796 | Snake:2  | Gained mutation: You have a small jelly attached to you that senses nearby items. [Jiyva's grace]
 27872 | Snake:2  | Found Zoiziw's Gadget Shoppe.
 27872 | Snake:2  | Found Herusch's Magic Scroll Emporium.
 27875 | Snake:2  | Found Veemo's Antique Weapon Shoppe.
 27877 | Snake:2  | Found Vaukor's General Store.
 28105 | Snake:2  | Gained mutation: You have a pair of large antennae on your head. (SInv) [Jiyva's grace]
 28333 | Snake:2  | Identified the Volume of Torrid Necromancy
 28439 | Snake:3  | Lost mutation: You have sharp toenails. [potion of mutation]
 28439 | Snake:3  | Lost mutation: You have a small jelly attached to you that senses nearby items. [potion of mutation]
 28439 | Snake:3  | Lost mutation: Your body has grown golden eyes which may confuse attackers. (Acc +3) [potion of mutation]
 28439 | Snake:3  | Lost mutation: You have acidic saliva. [potion of mutation]
 28459 | Snake:3  | Found Ejo Sior's General Store.
 28472 | Snake:3  | HP: 76/165 [anaconda (11)]
 28477 | Snake:3  | HP: 46/165 [poisoned by a black mamba]
 28482 | Snake:3  | HP: 31/165 [poisoned by a black mamba]
 28489 | Snake:3  | HP: 47/165 [poisoned by a black mamba]
 28495 | Snake:3  | HP: 50/165 [poisoned by a black mamba]
 28500 | Snake:3  | HP: 30/166 [poisoned by a black mamba]
 28506 | Snake:3  | HP: 36/167 [poisoned by a black mamba]
 28509 | Snake:3  | HP: 12/167 [naga sharpshooter/arrow (17)]
 28516 | Snake:3  | HP: 36/167 [poisoned by a black mamba]
 28628 | Snake:3  | Gained mutation: You are clumsy. (Dex -2) [Jiyva's grace]
 28645 | Snake:3  | Found Suog's Antique Armour Shoppe.
 28651 | Snake:3  | Bought an ichor-stained robe for 148 gold pieces
 28668 | Snake:3  | Identified the +1 robe "Ryxtofat" {rCorr Str+3 Dex-2 Slay+2, 0} (You bought it in a shop on level 3 of the Snake Pit)
 28751 | Snake:3  | HP: 82/167 [naga/glaive (24)]
 28759 | Snake:3  | HP: 75/167 [naga/glaive (14)]
 28773 | Snake:3  | Lost mutation: You are clumsy. (Dex -2) [Jiyva's grace]
 28799 | Snake:3  | HP: 83/167 [shock serpent/electric aura (8)]
 28886 | Snake:3  | Noticed Roxanne
 28913 | Snake:3  | Found a burning altar of Makhleb.
 28968 | Snake:3  | HP: 83/167 [naga/glaive (17)]
 28973 | Snake:3  | HP: 80/167 [poisoned by a black mamba]
 28978 | Snake:3  | HP: 80/167 [poisoned by a black mamba]
 28984 | Snake:3  | HP: 71/167 [poisoned by a black mamba]
 28990 | Snake:3  | HP: 73/167 [poisoned by a black mamba]
 28995 | Snake:3  | HP: 75/167 [poisoned by a black mamba]
 29003 | Snake:3  | HP: 79/167 [poisoned by a black mamba]
 29155 | Snake:3  | Reached skill level 13 in Fighting
 29304 | Snake:3  | HP: 79/169 [anaconda (12)]
 29310 | Snake:3  | HP: 48/169 [poisoned by a naga mage (poison arrow)]
 29315 | Snake:3  | HP: 50/169 [poisoned by a naga mage (poison arrow)]
 29325 | Snake:3  | HP: 36/169 [guardian serpent (15)]
 29332 | Snake:3  | HP: 36/170 [naga mage/club (3)]
 29343 | Snake:3  | HP: 44/170 [poisoned by a naga mage (poison arrow)]
 29404 | Snake:3  | Lost mutation: You are partially covered in yellow scales. (AC +2) [Jiyva's grace]
 29512 | Snake:3  | HP: 79/170 [naga sharpshooter/bolt (13)]
 29519 | Snake:3  | HP: 33/170 [naga sharpshooter/bolt (14)]
 29525 | Snake:3  | HP: 13/170 [naga sharpshooter/bolt (27)]
 29526 | Snake:3  | Shot with a bolt by a naga sharpshooter

Vanquished Creatures
  Nikola (Shoals:1)
  Rupert (Lair:3)
  Frances (D:13)
  Gastronok (Lair:3)
  Kirke (D:13)
  2 nagarajas
  A fire giant (D:15)
  2 orc warlords
  Azrael (D:13)
  A red draconian (Volcano)
  The ghost of Gruud the Reanimator, a journeyman DsNe of Nemelex Xobeh (D:12)
  Josephine (D:13)
  Erolcha (D:10)
  8 hydras
  3 naga warriors
  A catoblepas (Lair:6)
  A merfolk avatar (Lair:6)
  4 centaur warriors
  A merfolk aquamancer (Shoals:1)
  Erica (Lair:2)
  9 two-headed ogres
  5 anacondas
  A death yak (Lair:5)
  A tengu warrior (D:13)
  4 shock serpents
  An orc high priest (Orc:1)
  Urug (Lair:4)
  2 naga sharpshooters
  A sea snake (Shoals:1)
  2 naga ritualists
  An unseen horror (D:13)
  An obsidian statue (Volcano)
  Pikel (D:6)
  The ghost of crawlian the Arsonist, a novice DEFE of Vehumet (D:8)
  5 orc knights
  6 mana vipers
  2 harpies (Lair:6)
  4 oklob plants
  A deep elf mage (D:13)
  An orc sorcerer (Orc:2)
  6 ugly things (D:15)
  2 merfolk sirens (Lair:3)
  5 salamanders
  4 guardian serpents
  Maurice (D:9)
  5 manticores
  17 elephants
  6 naga magi
  30 black mambas
  Joseph (D:8)
  A black mamba (shapeshifter) (D:13)
  A gargoyle (D:10)
  13 spiny frogs
  3 centaur skeletons
  2 rime drakes
  An efreet (D:14)
  17 komodo dragons
  A freezing wraith (D:15)
  A tengu conjurer (D:13)
  A harpy zombie (D:13)
  2 trolls
  A hornet (Lair:6)
  3 polar bears
  Grinder (D:6)
  A wind drake (Lair:6)
  16 blink frogs
  Prince Ribbit (Lair:3)
  A dream sheep (Lair:6)
  13 hippogriffs
  5 wraiths
  4 water elementals (Shoals:1)
  3 hogs (D:13)
  7 wyverns
  3 basilisks
  6 fire bats (Volcano)
  2 spriggans
  5 fire elementals (D:13)
  52 yaks
  3 hungry ghosts
  3 vampire mosquitoes (D:15)
  16 humans
  14 nagas
  4 wargs
  27 water moccasins
  3 hell hounds (D:13)
  6 porcupines
  Duvessa (D:4)
  A meliai simulacrum (D:15)
  A slave (D:6)
  3 black bears
  46 orc warriors
  6 sky beasts
  2 ice beasts
  A hornet zombie (D:13)
  A boggart (D:13)
  22 wolves
  A centaur (shapeshifter) (D:15)
  A necrophage (D:8)
  17 centaurs
  9 ogres
  8 crocodiles
  A big kobold (D:7)
  The ghost of wojtek the Grave Robber, an amateur KoNe (D:3)
  17 bullfrogs
  Dowan (D:4)
  4 scorpions
  A wyvern skeleton (D:8)
  5 killer bees (D:9)
  14 wights
  7 howler monkeys
  6 lava snakes (Volcano)
  7 crimson imps
  3 bullfrog zombies
  3 centaur zombies
  18 orc priests
  3 hounds
  2 human zombies (Ossuary)
  Crazy Yiuf (D:7)
  3 bullfrog skeletons
  Natasha (thrice) (D:4)
  4 iguanas
  Ijyb (D:4)
  14 orc wizards
  7 worker ants
  A hound zombie (D:6)
  A hound skeleton (D:6)
  4 mummies (Ossuary)
  A worker ant zombie (D:6)
  Robin (D:4)
  A howler monkey skeleton (D:9)
  10 gnolls
  14 adders
  2 shadow imps
  An ooze (D:2)
  4 adder skeletons
  4 worms (D:2)
  A dart slug (D:2)
  114 orcs
  6 giant cockroaches
  4 gnoll zombies (Ossuary)
  19 goblins
  6 hobgoblins
  5 jackals
  6 quokkas
  8 bats
  3 frilled lizards
  11 kobolds
  7 rats
884 creatures vanquished.

Vanquished Creatures (collateral kills)
  A plant (Lair:5)
1 creature vanquished.

Vanquished Creatures (others)
  An azure jelly (Snake:3)
  3 acid blobs (Slime:5)
  A centaur warrior (Volcano)
  A shock serpent (Snake:3)
  2 naga sharpshooters (Snake:3)
  A glowing orange brain (Slime:4)
  A death drake (shapeshifter) (D:15)
  An unseen horror (D:12)
  An orc knight (Orc:2)
  A mana viper (Snake:3)
  2 black mambas (Snake:3)
  20 slime creatures
  A wraith (D:14)
  A yak (D:13)
  A naga (Snake:3)
  3 orc warriors
  A water moccasin (Lair:2)
  An eye of draining (D:12)
  A phantom (D:11)
  6 centaurs
  2 crocodiles (Lair:6)
  A big kobold (D:12)
  2 bullfrogs
  130 jellies
  A crimson imp (D:15)
  3 orc priests
  An iguana (D:11)
  4 orc wizards
  4 worker ants
  A hound skeleton (D:6)
  An adder (D:12)
  2 shadow imps
  4 oozes (Lair:3)
  16 orcs
  7 kobolds (D:12)
  34 fungi
  29 plants
292 creatures vanquished.

Grand Total: 1177 creatures vanquished

Table legend:
 A = Turns spent in this place as a percentage of turns spent in the entire game.
 B = Non-inter-level travel turns spent in this place as a percentage of non-inter-level travel turns spent in the entire game.
 C = Inter-level travel turns spent in this place as a percentage of turns spent in this place.
 D = Turns resting spent in this place as a percentage of non-inter-level travel turns spent in this place.
 E = Turns spent auto-exploring this place as a percentage of non-inter-level travel turns spent in this place.
 F = Non-inter-level travel turns spent in this place divided by the number of levels of this place that you've seen.
                   A       B       C       D       E      F
               +-------+-------+-------+-------+-------+----------------------
         Total | 100.0 | 100.0 |   9.0 |  20.2 |  53.5 | 767.7
       Dungeon |  45.4 |  44.9 |   9.9 |  13.5 |  62.3 | 804.9
        Temple |   0.8 |   0.7 |  16.7 |   0.0 |  99.5 | 190.0
          Lair |  30.7 |  30.1 |  10.5 |  27.7 |  47.8 | 1349.7
        Shoals |   1.4 |   1.4 |  11.2 |  31.1 |  35.5 | 366.0
     Snake Pit |  11.8 |  12.5 |   3.9 |  21.0 |  53.5 | 1119.3
    Slime Pits |   0.6 |   0.7 |   1.6 |   0.0 |   0.0 |  36.2
  Orcish Mines |   6.6 |   6.7 |   8.0 |  21.7 |  40.6 | 898.0
       Ossuary |   0.8 |   0.9 |   0.0 |   7.4 |  42.8 | 243.0
       Volcano |   1.9 |   2.1 |   0.0 |  55.1 |   7.6 | 563.0
               +-------+-------+-------+-------+-------+----------------------
